 Dungeon Crawl Stone Soup version 0.20.1-1-g8b1a95d (webtiles) character file.

2230 Irenicus the Martial Artist (level 9, 0/56 HPs)
             Began as an Octopode Chaos Knight on Oct 8, 2017.
             Slain by a two-headed ogre
             ... wielding a +0 giant club
              (5 damage)
             ... on level 8 of the Dungeon.
             The game lasted 00:18:35 (5904 turns).

Irenicus the Martial Artist (Octopode Chaos Knight) Turns: 5904, Time: 00:18:38

Health: 0/56       AC:  1    Str:  9    XL:     9   Next: 36%
Magic:  11/11      EV: 14    Int: 16    God:    Xom [..*...]
Gold:   496        SH:  0    Dex: 15    Spells: 7/8 levels left

rFire    . . .     SeeInvis .     - Unarmed
rCold    . . .     Gourm    .   (no shield)
rNeg     . . .     Faith    .   (helmet restricted)
rPois    +         Spirit   .   i - amulet of rage
rElec    .         Reflect  .   e - ring of poison resistance
rCorr    .         Harm     .   (no ring)
MR       +....                  (no ring)
Stlth    +++++.....             (no ring)
Regen    0.2/turn               (no ring)
MPRegen  0.2/turn               (no ring)
                                (no ring)
                                (no ring)

@: no status effects
A: almost no armour, stealthy swim, amphibious, 8 rings, constrict 8, antennae
1, camouflage 1, clever 1, magic resistance 1, weak 1, gelatinous body 1
a: Renounce Religion, Evoke Berserk Rage


You were on level 8 of the Dungeon.
You worshipped Xom.
You were a toy of Xom.
You were hungry.

You visited 1 branch of the dungeon, and saw 8 of its levels.

You collected 496 gold pieces.

Inventory:

Armour
 d - a +0 buckler
Jewellery
 e - a ring of poison resistance (left tentacle)
 i - an amulet of rage (around mantle)
 n - an uncursed ring of loudness
 r - an uncursed amulet of magic regeneration
Wands
 p - a wand of flame (11/48)
 t - a wand of paralysis (12/24)
Scrolls
 c - a scroll of random uselessness {unknown}
 f - 4 scrolls of identify
 g - 2 scrolls of enchant weapon {unknown}
 h - 4 scrolls of immolation {unknown}
 j - 2 scrolls of blinking {unknown}
 k - 2 scrolls of magic mapping {unknown}
 l - 4 scrolls of teleportation
 m - 2 scrolls of remove curse
 q - 2 scrolls of fear
 y - a scroll of noise {unknown}
 A - a scroll of amnesia {unknown}
Potions
 o - a potion of heal wounds
 v - a potion of brilliance
 x - a potion of lignification {unknown}
 z - a potion of curing {unknown}
Books
 u - a book of Cantrips

   Spells                             Type                      Level
   a - Confusing Touch                Hexes                        1
   b - Animate Skeleton               Necromancy                   1
   c - Summon Small Mammal            Summoning                    1
   d - Apportation                    Translocation                1
 C - a book of Air

   Spells                             Type                      Level
   a - Shock                          Conjuration/Air              1
   b - Swiftness                      Charms/Air                   2
   c - Static Discharge               Conjuration/Air              3
   d - Airstrike                      Air                          4
   e - Lightning Bolt                 Conjuration/Air              5
Comestibles
 a - 8 bread rations
 b - 4 meat rations
 s - 3 royal jellies
 w - 6 fruits


   Skills:
 - Level 3.0 Fighting
 - Level 2.3 Dodging
 - Level 7.0 Stealth
 - Level 10.0 Unarmed Combat
 - Level 4.0 Hexes
 + Level 3.8 Evocations


You had 7 spell levels left.
You knew the following spells:

 Your Spells              Type           Power        Failure   Level  Hunger
a - Confusing Touch       Hex            ##....       4%          1    ##.....


Dungeon Overview and Level Annotations

Branches:
Dungeon (8/15)             Temple (0/1) D:4
   Lair: D:8-11

Altars:
Nemelex Xobeh
Okawaru

Annotations:
D:8 Erica, Psyche


Innate Abilities, Weirdness & Mutations

You cannot wear most types of armour.
You are very stealthy in the water. (Stealth+)
You are amphibious.
You can wear up to eight rings at the same time.
You can use your tentacles to constrict eight enemies at once.
Your skin changes colour to match your surroundings (Stealth+).
Your rubbery body absorbs attacks. (AC +1, EV +1)
You have a pair of small antennae on your head.
Your mind is acute. (Int +2)
You are resistant to hostile enchantments. (MR+)
You are weak. (Str -2)


Message History

You catch the helpless two-headed ogre completely off-guard!
You tentacle-slap the two-headed ogre. You squeeze the two-headed ogre.
The two-headed ogre is lightly wounded.
You bludgeon the two-headed ogre! You tentacle-slap the two-headed ogre.
The two-headed ogre is moderately wounded.
You tentacle-slap the two-headed ogre. You squeeze the two-headed ogre.
The two-headed ogre is heavily wounded.
You tentacle-slap the two-headed ogre.
The two-headed ogre is heavily wounded.
The two-headed ogre seems less confused.
The two-headed ogre hits you with a giant club!!
The two-headed ogre closely misses you.
You tentacle-slap the two-headed ogre.
You squeeze the two-headed ogre, but do no damage.
The two-headed ogre is heavily wounded.
The two-headed ogre hits you with a giant club!!
* * * LOW HITPOINT WARNING * * *
The two-headed ogre hits you with a giant club.
You die...
Xom chuckles heartily!

#........ #.......#.#
#.......#.# #.......#.#
#.........# #.......%.#
## #....O....########..
#.....@.#.........#####
#.......#..............
#.......'..............
#.......#..............
#.......#..............
#.......#............§.
#.......#.....########§
#.......#.....#......#§
#.......#.....'......#§


You could see a two-headed ogre.

Vanquished Creatures
  Joseph (D:8)
  A spriggan (D:7)
  A water moccasin (D:8)
  A sky beast (D:4)
  3 ogres
  2 centaurs
  A big kobold (D:7)
  3 howler monkeys
  A centaur zombie (D:7)
  A crimson imp (D:6)
  A quasit (D:7)
  A centaur skeleton (D:6)
  4 hounds
  A bullfrog skeleton (D:4)
  2 orc priests (D:6)
  Crazy Yiuf (D:2)
  A jelly (D:5)
  2 iguanas
  3 orc wizards
  8 worker ants
  A hound skeleton (D:4)
  10 adders
  An ooze (D:1)
  2 adder zombies (D:6)
  An adder skeleton (D:4)
  3 leopard geckos
  15 orcs
  15 giant cockroaches
  8 goblins
  4 hobgoblins
  15 jackals
  14 kobolds
  4 quokkas
  3 ball pythons
  8 bats
  3 frilled lizards
  A leopard gecko skeleton (D:6)
  11 rats
158 creatures vanquished.

Vanquished Creatures (collateral kills)
  A worker ant (D:4)
  5 jackals (D:4)
6 creatures vanquished.

Vanquished Creatures (others)
  A leopard gecko (D:5)
1 creature vanquished.

Grand Total: 165 creatures vanquished

Notes
Turn   | Place    | Note
-------+----------+-------------------------------------------
     0 | D:1      | Irenicus the Octopode Chaos Knight began the quest for the Orb.
     0 | D:1      | Reached XP level 1. HP: 16/16 MP: 1/1
     5 | D:1      | XOM: harmless Conj miscast
    17 | D:1      | XOM: divination: magic mapping
    23 | D:1      | Reached XP level 2. HP: 18/21 MP: 2/2
   221 | D:1      | Reached skill level 4 in Unarmed Combat
   246 | D:1      | Reached XP level 3. HP: 23/26 MP: 3/3
   555 | D:2      | Found an iron altar of Okawaru.
   627 | D:2      | XOM: god gift: 24 gold pieces
   669 | D:2      | XOM: medium Tmut miscast
  1040 | D:2      | Reached XP level 4. HP: 25/31 MP: 4/4
  1112 | D:2      | Reached skill level 5 in Unarmed Combat
  1335 | D:2      | Found a runed door.
  1339 | D:2      | Noticed Crazy Yiuf
  1340 | D:2      | XOM: enchant monster (bad)
  1342 | D:2      | XOM: confusion
  1346 | D:2      | Killed Crazy Yiuf
  1346 | D:2      | Reached XP level 5. HP: 30/36 MP: 5/5
  1471 | D:3      | XOM: harmless Pois miscast
  2059 | D:4      | Reached skill level 6 in Unarmed Combat
  2098 | D:4      | Reached XP level 6. HP: 33/42 MP: 6/6
  2182 | D:4      | Reached skill level 7 in Unarmed Combat
  2509 | D:4      | XOM: summons friendly crimson imp
  2511 | D:4      | XOM: polymorph crimson imp -> white imp
  2534 | D:4      | XOM: harmless Conj miscast
  2579 | D:4      | Found a staircase to the Ecumenical Temple.
  2602 | D:4      | XOM: cast spell 'Cause Fear'
  2679 | D:4      | Reached XP level 7. HP: 43/46 MP: 7/7
  2730 | D:4      | Found a sparkling altar of Nemelex Xobeh.
  2857 | D:4      | Reached skill level 8 in Unarmed Combat
  2916 | D:5      | Entered Level 5 of the Dungeon
  2919 | D:5      | XOM: destruction
  2943 | D:4      | Gained mutation: You have a pair of small antennae on your head. [mutagenic meat]
  2944 | D:4      | Gained mutation: You are weak. (Str -2) [mutagenic meat]
  2965 | D:4      | XOM: medium Tloc miscast
  3233 | D:5      | XOM: medium Air miscast
  3264 | D:5      | XOM: cleaving
  3277 | D:5      | Reached skill level 9 in Unarmed Combat
  3345 | D:5      | Reached XP level 8. HP: 19/52 MP: 8/8
  3432 | D:4      | Learned a level 1 spell: Confusing Touch
  3469 | D:5      | Reached skill level 1 in Evocations
  3636 | D:5      | XOM: 2-stop teleportation journey
  3769 | D:6      | XOM: 1-stop teleportation journey
  3858 | D:6      | Reached skill level 1 in Hexes
  3892 | D:6      | Got a steaming flail
  3997 | D:6      | Reached skill level 1 in Stealth
  3997 | D:6      | Reached skill level 10 in Unarmed Combat
  4002 | D:6      | XOM: butterfly on damage
  4533 | D:7      | XOM: 8-stop teleportation journey
  4689 | D:7      | Noticed a spriggan baker
  4692 | D:7      | Killed a spriggan baker
  4837 | D:7      | XOM: noise
  4841 | D:7      | XOM: confuse monster(s)
  4856 | D:7      | XOM: divination: detect creatures
  4974 | D:7      | XOM: give mutation
  4974 | D:7      | Gained mutation: You are resistant to hostile enchantments. (MR+) [Xom's grace]
  5447 | D:8      | XOM is BORED!
  5447 | D:8      | XOM: 2-stop teleportation journey
  5457 | D:8      | Noticed Psyche
  5481 | D:8      | XOM: give mutation
  5481 | D:8      | Gained mutation: Your mind is acute. (Int +2) [Xom's grace]
  5568 | D:8      | XOM: 2-stop teleportation journey
  5591 | D:8      | Reached skill level 5 in Stealth
  5591 | D:8      | Reached XP level 9. HP: 49/56 MP: 7/9
  5601 | D:8      | XOM: god gift: 12 arrows
  5656 | D:8      | XOM: fog
  5657 | D:8      | Noticed Erica
  5843 | D:8      | Noticed Joseph
  5857 | D:8      | XOM: enchant monster (good)
  5860 | D:8      | Killed Joseph
  5890 | D:8      | Noticed a two-headed ogre
  5904 | D:8      | Slain by a two-headed ogre

Skill      XL: |  1  2  3  4  5  6  7  8  9 |
---------------+----------------------------+-----
Unarmed Combat | 4 5 6 7 9 10 | 10.0
Evocations     | 1 3 |  3.8
Hexes          | 4 |  4.0
Stealth        | 5 7 |  7.0
Fighting       | |  3.0
Dodging        | |  2.3

Action                   |  1- 3 |  4- 6 |  7- 9 || total
-------------------------+-------+-------+-------++-------
Melee: Unarmed           |    79 |   135 |   247 ||   461
       Constrict         |    16 |    37 |    57 ||   110
       Tentacles         |     5 |    24 |    51 ||    80
       Punch             |     1 |     6 |    14 ||    21
 Cast: Confusing Touch   |       |       |    25 ||    25
Evoke: Wand              |       |       |     3 ||     3
  Use: Potion            |       |       |     2 ||     2
       Scroll            |       |       |     4 ||     4
 Stab: Sleeping          |     5 |     1 |     6 ||    12
       Fleeing           |       |     1 |       ||     1
       Confused          |       |       |    13 ||    13
       Invisible         |       |       |     1 ||     1
       Paralysed         |       |       |     3 ||     3
  Eat: Chunk             |       |     5 |    14 ||    19
Armor: Skin              |     5 |    10 |     7 ||    22
Dodge: Dodged            |    51 |    94 |   100 ||   245
